 Dungeon Crawl Stone Soup version 0.19.0-18-g426998a (webtiles) character file.

951 LORDOFBUTT the Chopper (level 8, -5/58 HPs)
             Began as a Formicid Fighter on Nov 11, 2016.
             Slain by Menkaure (10 damage)
             ... on level 5 of the Dungeon.
             The game lasted 00:04:11 (3366 turns).

LORDOFBUTT the Chopper (Formicid Fighter)           Turns: 3366, Time: 00:04:11

Health: -5/58      AC: 11    Str: 22    XL:     8   Next: 36%
Magic:  8/8        EV:  8    Int:  9    God:
Gold:   165        SH: 11    Dex: 10    Spells: 0 memorised, 7 levels left

rFire  . . .     SeeInvis +     a - +0 war axe
rCold  . . .     Gourm    .     q - +0 pearl dragon scales
rNeg   + . .     Faith    .     c - +0 shield
rPois  .         Spirit   .     (helmet unavailable)
rElec  .         Reflect  .     (no cloak)
rCorr  .         Harm     .     (no gloves)
MR     .....                    (no boots)
Stlth  ..........               (no amulet)
                                (no ring)
                                (no ring)

@: no status effects
A: permanent stasis, dig shafts and tunnels, four strong arms, antennae 3
a: Dig, Shaft Self


You were on level 5 of the Dungeon.
You were not hungry.

You visited 1 branch of the dungeon, and saw 5 of its levels.

You collected 165 gold pieces.

Inventory:

Hand Weapons
 a - a +0 war axe (weapon)
Armour
 c - a +0 shield (worn)
 q - +0 pearl dragon scales (worn)
Jewellery
 e - an uncursed ring of resist corrosion
 s - an uncursed ring of stealth {unknown}
Scrolls
 h - 5 scrolls of identify {unknown}
 j - a scroll of enchant weapon {unknown}
 l - 2 scrolls of recharging {unknown}
 n - a scroll of fog {unknown}
 o - a scroll of teleportation {unknown}
 t - 2 scrolls of remove curse
Potions
 i - a potion of ambrosia {unknown}
 k - a potion of agility {unknown}
 m - a potion of mutation {unknown}
 p - a potion of invisibility {unknown}
 r - a potion of magic {unknown}
 u - a potion of heal wounds {unknown}
Comestibles
 b - a beef jerky
 f - 8 bread rations
 g - 3 meat rations


   Skills:
 - Level 3.2 Fighting
 * Level 7.7 Axes
 - Level 3.2 Armour
 + Level 7.2 Shields


You had 7 spell levels left.
You didn't know any spells.

Dungeon Overview and Level Annotations

Branches:
Dungeon (5/15)
 Temple: D:4-7

Altars:
Dithmenos
Elyvilon
Fedhas
Kikubaaqudgha
Ru
Uskayaw
The Shining One

Annotations:
D:5 Menkaure


Innate Abilities, Weirdness & Mutations

You are under a permanent stasis effect.
You can dig through walls and to a lower floor.
Your four strong arms can wield two-handed weapons with a shield.
You have a pair of large antennae on your head. (SInv)


Message History

You destroy the centaur zombie!
You block Menkaure's attack.
You hit Menkaure but do no damage. Menkaure hits you!!
You slash Menkaure!
Menkaure is heavily damaged.
Menkaure casts a spell at you. Pain shoots through your body!
You hit Menkaure but do no damage.
Menkaure is heavily damaged.
Menkaure barely misses you. Menkaure hits you.
You hit Menkaure.
Menkaure is heavily damaged.
Menkaure hits you!
* * * LOW HITPOINT WARNING * * *
It was a potion of haste.
Your stasis keeps you stable.
Menkaure hits you!
* * * LOW HITPOINT WARNING * * *
You slash Menkaure!
Menkaure is almost destroyed.
You block Menkaure's attack. Menkaure hits you!
You die...

##............#
##..........[...
##...............
##........$.......
##.................
#.##..................
#.....>...............
#####...M.............
#.....†@.........!....
#................$....
########..............
...............#
####.........>##
##....... #..... #...


You could see Menkaure.

Vanquished Creatures
  Sigmund (D:2)
  2 ogres (D:4)
  2 scorpions (D:4)
  2 centaur zombies
  2 crimson imps
  An orc priest (D:4)
  5 orc wizards
  An iguana (D:4)
  2 worker ants (D:4)
  A worker ant zombie (D:5)
  5 adders
  A worm (D:2)
  2 dart slugs (D:1)
  3 leopard geckos
  8 orcs
  A ball python (D:1)
  5 giant cockroaches
  3 hobgoblins
  4 jackals (D:4)
  3 quokkas
  2 bats
  6 frilled lizards
  9 goblins
  8 kobolds
  10 rats
89 creatures vanquished.

Vanquished Creatures (others)
  A plant (D:3)
1 creature vanquished.

Grand Total: 90 creatures vanquished

Notes
Turn   | Place    | Note
-------+----------+-------------------------------------------
     0 | D:1      | LORDOFBUTT the Formicid Fighter began the quest for the Orb.
     0 | D:1      | Reached XP level 1. HP: 18/18 MP: 1/1
    62 | D:1      | Reached XP level 2. HP: 24/24 MP: 2/2
   453 | D:1      | Reached XP level 3. HP: 29/29 MP: 3/3
   530 | D:2      | Noticed Sigmund
   542 | D:2      | Killed Sigmund
   542 | D:2      | Reached skill level 5 in Shields
   542 | D:2      | Reached XP level 4. HP: 15/35 MP: 4/4
   542 | D:2      | Reached XP level 5. HP: 17/41 MP: 5/5
   542 | D:2      | Reached XP level 6. HP: 20/47 MP: 6/6
  1048 | D:2      | Found an ancient bone altar of Kikubaaqudgha.
  1065 | D:2      | Reached skill level 5 in Axes
  1278 | D:2      | Found a glowing golden altar of the Shining One.
  1609 | D:3      | Reached XP level 7. HP: 39/52 MP: 7/7
  2808 | D:4      | Reached XP level 8. HP: 28/58 MP: 8/8
  3018 | D:4      | Found a hide-covered altar of Uskayaw.
  3048 | D:4      | Found a blossoming altar of Fedhas.
  3049 | D:4      | Found a sacrificial altar of Ru.
  3055 | D:4      | Found a shadowy altar of Dithmenos.
  3088 | D:4      | Found a white marble altar of Elyvilon.
  3302 | D:5      | Entered Level 5 of the Dungeon
  3323 | D:5      | Noticed Menkaure
  3366 | D:5      | Slain by Menkaure

Skill      XL: |  1  2  3  4  5  6  7  8 |
---------------+-------------------------+-----
Axes           | 3 4 5 7 |  7.7
Shields        | 5 6 7 |  7.2
Fighting       | |  3.2
Armour         | |  3.2

Action                   |  1- 3 |  4- 6 |  7- 9 || total
-------------------------+-------+-------+-------++-------
Melee: War axe           |    44 |    88 |   135 ||   267
  Use: Potion            |     1 |       |     1 ||     2
       Scroll            |     1 |       |       ||     1
  Eat: Chunk             |       |     1 |     3 ||     4
       Beef jerky        |       |     1 |       ||     1
       Fruit             |       |       |     3 ||     3
Armor: Scale mail        |    14 |       |       ||    14
       Plate armour      |     1 |    42 |     8 ||    51
       Pearl dragon scal |       |       |    47 ||    47
Dodge: Dodged            |    12 |    12 |    55 ||    79
Block: Shield            |    19 |    42 |    78 ||   139
